 Dungeon Sprint DCSS version 0.21-a0-400-g417d9d2 (webtiles) character file.

110 Amnesiac the Geomancer (level 4, 30/30 HPs)
             Began as a Demonspawn Earth Elementalist on Oct 20, 2017.
             Quit the game in the Dungeon (Sprint I: "Red Sonja").
             The game lasted 00:00:38 (247 turns).

Amnesiac the Geomancer (DsEE)                        Turns: 247, Time: 00:00:39

Health: 30/30      AC:  4    Str:  9    XL:     4   Next: 61%
Magic:  3/7        EV: 12    Int: 17    God:
Gold:   0          SH:  0    Dex: 13    Spells: 6/7 levels left

rFire    . . .     SeeInvis .   (no weapon)
rCold    . . .     Gourm    .   (no shield)
rNeg     . . .     Faith    .   c - +0 robe
rPois    .         Spirit   .   (no helmet)
rElec    .         Reflect  .   (no cloak)
rCorr    .         Harm     .   (no gloves)
MR       .....     NoTele   +   (no boots)
Stlth    ++........             (no amulet)
HPRegen  0.10/turn              (no ring)
MPRegen  0.10/turn              (no ring)

@: no status effects
A: hooves 1, yellow scales 1, powered by pain 1
a: no special abilities


You were in the Dungeon.
You were not hungry.

You visited 1 branch

Inventory:

Missiles
 b - 25 stones (quivered)
Armour
 c - a +0 robe (worn)
 i - a +0 leather armour
Wands
 a - a wand of flame (24/48)
Scrolls
 j - a scroll of blinking {!r}
Potions
 e - a potion of curing {!q}
 f - a potion of heal wounds {!q}
 g - a potion of haste {!q}
 h - 2 potions of magic {!q}
Books
 k - a book of Geomancy

   Spells                             Type                      Level
   a - Sandblast                      Earth                        1
   b - Passwall                       Transmutation/Earth          2
   c - Stone Arrow                    Conjuration/Earth            3
   d - Petrify                        Transmutation/Earth          4
   e - Lee's Rapid Deconstruction     Earth                        5
Comestibles
 d - a bread ration


   Skills:
 - Level 1.7 Dodging
 - Level 1.7 Stealth
 - Level 2.0 Spellcasting
   Level 0.8 Transmutations
 + Level 8.9 Earth Magic


You had 6 spell levels left.
You knew the following spells:

 Your Spells              Type           Power        Failure   Level  Hunger
a - Sandblast             Erth           ####..       1%          1    #......


Dungeon Overview and Level Annotations

Branches:
Dungeon (1/1)

Altars:


Innate Abilities, Weirdness & Mutations

You have large cloven feet.
You are partially covered in yellow scales. (AC +2)
You sometimes gain a little power by taking damage.


Message History

Ouch! That really hurt!
* * * LOW HITPOINT WARNING * * *
It is a wand of flame (?/48).
You punch Ijyb!
You kill Ijyb!
Your Earth Magic skill gained 3 levels and is now at level 5!
You have reached level 2!
Your demonic ancestry asserts itself...
You feel energised by your suffering.
Unknown command.
a - a wand of flame (?/48) {zapped: 1}
There is an open door, spattered with blood here.
You see here a leather armour.
i - a leather armour You feel a strong urge to attack something.
There isn't anything here!
There are no items here.
You are no longer berserk.
You are exhausted.
You feel yourself slow down.
You start resting.
You feel yourself speed up.
You start resting.
Magic restored.
You start resting.
You recover from your berserk rage.
You start resting.
Magic restored.
You start resting.
HP restored.
You start resting.
HP restored.
You open the door.
An ogre comes into view. It is wielding a giant club.
The ogre shouts!
Unknown command.
Casting: Sandblast
Confirm with . or Enter, or press ? or * to list all spells.
Aiming: Sandblast
Press: ? - help, Shift-Dir - straight line, f - ogre
Aim: an ogre, wielding a giant club The blast of sand hits the ogre.
The ogre is heavily wounded.
b - 26 stones Unknown command.
Casting: Sandblast
Confirm with . or Enter, or press ? or * to list all spells.
Aiming: Sandblast
Press: ? - help, Shift-Dir - straight line, f/p - ogre
Aim: an ogre, wielding a giant club (heavily wounded)
The blast of sand hits the ogre.
You kill the ogre!
Your Earth Magic skill gained 3 levels and is now at level 8!
You have reached level 3!
Your experience leads to an increase in your attributes!
Increase (S)trength, (I)ntelligence, or (D)exterity?
You feel clever.
Your demonic ancestry asserts itself...
Yellow scales grow over part of your body.
You have reached level 4!
You feel stronger.
Your demonic ancestry asserts itself...
Your feet thicken and deform.
b - 25 stones
Okay, then.
Are you sure you want to abandon this character and quit the game? (Confirm with "yes".)

##########
#<.#..)..#
#..'@.#..+
#..#### +#
#..# #..#
#..# #⌠⌠#
####


There were no monsters in sight!

Vanquished Creatures
  An ogre (D)
  Ijyb (D)
2 creatures vanquished.

Notes
Turn   | Place    | Note
-------+----------+-------------------------------------------
     0 | D        | Amnesiac the Demonspawn Earth Elementalist began the quest for the Orb.
     0 | D        | Reached XP level 1. HP: 13/13 MP: 3/3
     1 | D        | Noticed Ijyb
    10 | D        | Killed Ijyb
    10 | D        | Reached skill level 5 in Earth Magic
    10 | D        | Gained mutation: You sometimes gain a little power by taking damage. [demonic ancestry]
    10 | D        | Reached XP level 2. HP: 6/19 MP: 0/5
   243 | D        | Noticed an ogre
   246 | D        | Killed an ogre
   246 | D        | Reached skill level 8 in Earth Magic
   246 | D        | Gained mutation: You are partially covered in yellow scales. (AC +2) [demonic ancestry]
   246 | D        | Reached XP level 3. HP: 24/24 MP: 3/6
   246 | D        | Gained mutation: You have large cloven feet. [demonic ancestry]
   246 | D        | Reached XP level 4. HP: 30/30 MP: 3/7
   247 | D        | Quit the game

Vault maps used:
D:        dungeon_sprint_1

Skill      XL: |  1  2 |
---------------+-------+-----
Earth Magic    | 5 8 |  8.9
Dodging        | |  1.7
Stealth        | |  1.7
Spellcasting   | |  2.0
Transmutations | |  0.8

Action                   |  1- 3 |  4- 6 || total
-------------------------+-------+-------++-------
Melee: Unarmed           |     5 |       ||     5
 Cast: Sandblast         |     4 |     1 ||     5
  Use: Potion            |     1 |       ||     1
Armor: Robe              |     1 |       ||     1

Table legend:
 A = Spawn XP
 B = Non-spawn XP
 C = Spawn XP percentage of total XP
 D = Spawn monster count
 E = Non-spawn monster count
 F = Spawn count percentage of total count
 G = Total turns spent on level
                    A         B        C        D         E        F      G
               +---------+---------+-------+---------+---------+-------+---------
         Total |       0 |     158 |   0.0 |       0 |       2 |   0.0 |   247
               +---------+---------+-------+---------+---------+-------+---------
             D |       0 |     158 |   0.0 |       0 |       2 |   0.0 |   247
               +---------+---------+-------+---------+---------+-------+---------
